cohdb
Replays
Latest Replays
All Replays
Popular Replays
Top Player Replays
Match Explorer
How It Works
Community
CoH3 Stats
Reddit
Sign in to upload your games and track your stats! →
Sign in with Steam
Match 45405994
Unlisted
Match 45405994
Overview
Messages
Build Orders
End
Pioneer Squad
Construct Infanterie Kompanie
Grenadier Squad
Selects Breakthrough Battlegroup
Selects Assault Grenadiers
Grenadier Squad
Grenadier Squad
Construct Panzergrenadier Kompanie
Construct Luftwaffe Kompanie
Selects Smoke Bombing Run
221 Scout Car
Medical Station
Flak 30 Anti-aircraft Gun Team
Jäger Squad
Selects Incendiary Bombing Run
Construct Panzer Kompanie
Selects 2.5-tonne Cargo Truck
Selects Rapid Production
Selects Blitzkrieg
Sturmpanzer IV Brummbär
Incendiary Bombing Run
Plaka
Begbie
pagep
7k this year for sure
0
0
Comments
sign in to comment!
No comments posted yet!